 Dungeon Crawl Stone Soup version 0.28.0-43-g3370ac3207 (webtiles) character file.

Game seed: 717154913948302320

306 Zeld the Magician (level 6, -13/32 HPs)
             Began as a Deep Elf Fire Elementalist on Mar 16, 2022.
             Was an Initiate of Vehumet.
             Mangled by an ogre
             ... wielding a +0 giant club
              (30 damage)
             ... on level 6 of the Dungeon.
             The game lasted 00:05:21 (4332 turns).

Zeld the Magician (Deep Elf Fire Elementalist)      Turns: 4332, Time: 00:05:21

Health: -13/32     AC:  7    Str:  5    XL:     6   Next: 16%
Magic:  24/24      EV: 10    Int: 22    God:    Vehumet [......]
Gold:   188        SH:  0    Dex: 15    Spells: 8/15 levels left

rFire   . . .      SeeInvis .   (no weapon)
rCold   . . .      Faith    .   (no shield)
rNeg    . . .      Spirit   .   a - +2 ring mail {rPois}
rPois   +          Reflect  .   (no helmet)
rElec   .          Harm     .   (no cloak)
rCorr   .          Rampage  .   (no gloves)
Will    .....                   (no boots)
Stlth   ++........              (no amulet)
HPRegen 0.10/turn               j - ring of magical power
MPRegen 0.19/turn               (no ring)

@: no status effects
A: no striking features
a: Renounce Religion


You were on level 6 of the Dungeon.
You worshipped Vehumet.
Vehumet was noncommittal.
You visited 2 branches of the dungeon, and saw 6 of its levels.

You collected 188 gold pieces.

Inventory:

Armour
 a - a +2 ring mail of poison resistance (worn)
Jewellery
 j - a ring of magical power (left hand)
Scrolls
 f - a scroll of fear
 k - a scroll of vulnerability {unknown}
 l - a scroll of magic mapping
 m - a scroll of silence
Potions
 b - a potion of curing {unknown}
 c - 2 potions of lignification {unknown}
 d - a potion of cancellation {unknown}
 e - a potion of invisibility {unknown}
 g - a potion of resistance {unknown}
 n - a potion of degeneration {unknown}


   Skills:
 + Level 3.7 Dodging
 + Level 3.9 Stealth
 * Level 5.2 Spellcasting
 + Level 2.5 Conjurations
 * Level 5.0 Fire Magic


You had 8 spell levels left.
You knew the following spells:

 Your Spells              Type           Power      Damage    Failure   Level
a - Foxfire               Conj/Fire      88%        2x1d8     11%         1
b - Scorch                Fire           54%        2d7       9%          2
c - Flame Wave            Conj/Fire      22%        2d7       71%         4

Your spell library contained the following spells:

 Spells                   Type           Power      Damage    Failure   Level
 Conjure Flame            Conj/Fire      22%        6-21      30%         3
 Inner Flame              Hex/Fire       16%        N/A       45%         3


Dungeon Overview and Level Annotations

Branches:
Dungeon (4/15)             Temple (1/1) D:4

Altars:
Cheibriados
Dithmenos
Gozag
Hepliaklqana
Kikubaaqudgha
Ru
Trog
Uskayaw
Vehumet
Wu Jian
Xom
The Shining One

Shops:
D:3 :


Message History

Confirm with . or Enter, or press ? or * to list all spells.
Flames lash the water moccasin skeleton.
The water moccasin skeleton is burned terribly!
You destroy the water moccasin skeleton!
Vehumet accepts your kill.
You feel very sick.
Your Fire Magic skill increases to level 5!
You have reached level 6!
You start resting.
You feel very sick.
You feel sick. x4
Your magical contamination has completely faded away.
You start resting.
You feel sick. x3
You are no longer poisoned.
You start resting.
You hear the slow rusting of a drain nearby.
You start resting.
Magic restored.
As you read the scroll labelled EVYPHI IFOM, it crumbles to dust.
It is a scroll of identify.
f - a scroll of fear
As you read the scroll of identify, it crumbles to dust.
i - 2 scrolls of noise
As you read the scroll of identify, it crumbles to dust.
m - a scroll of silence
As you read the scroll of identify, it crumbles to dust.
l - 2 scrolls of magic mapping
Okay, then.
Autopickup disabled for scrolls of noise.
You drop 2 scrolls of noise.
As you read the scroll of magic mapping, it crumbles to dust.
You feel aware of your surroundings.
You sensed 1 altar, and 1 shop/portal.
You start resting.
You hear the slow rusting of a drain nearby.
You start resting.
You hear the slow rusting of a drain nearby.
An ogre comes into view. It is wielding a +0 giant club.
The ogre hits you with a +0 giant club!!
Ouch! That really hurt!
You die...

,**,,,**,,**#####...#****,***,,,*
,*,,,,,,,,,,......#.# *,,*,*,**
,,,,,,,,,.,,........# *,*,**,*
,,,,,,,,**.##*#...#.#####.#,**,**
*,,,,,,,,,<..#,#......?...#,**,,*
**,,,,,**,,,#.#.#.#.####..#,**,*,
**,,,**,,,**#.#.*#.####..#,*,***
*******,,,** *#.###.........,** *
,,,,,,,,,** ##@............,***
*******,,,** *#O#######....,##,*,
**,,,**#.## *,,...,,**,*
*********,,,#..* **,,..,***,,
*,,,,,,,,,,#.#.* **,,.** *,,
,,,*****,**#.#.** **,,** *,,
,*,,,,,,,,,.,..,* *,,,*****,,
,,,***,,,,≈,,..,* *,*,,,,,,,,
*,** *,,≈≈≈≈≈.≈,* *,,,******,


You could see an ogre.

Vanquished Creatures
  A water moccasin (D:6)
  A water moccasin skeleton (D:6)
  A hound (D:4)
  2 orc wizards (D:4)
  An adder (D:4)
  2 worms
  4 orcs
  4 bats
  6 giant cockroaches
  4 goblins
  5 hobgoblins
  3 jackals (D:1)
  7 kobolds
  4 quokkas
  3 ball pythons
  5 frilled lizards
  7 rats
60 creatures vanquished.

Vanquished Creatures (others)
  308 foxfires
308 creatures vanquished.

Grand Total: 368 creatures vanquished

Notes
Turn   | Place    | Note
-------+----------+-------------------------------------------
     0 | D:1      | Zeld the Deep Elf Fire Elementalist began the quest for the
                  | Orb.
     0 | D:1      | Reached XP level 1. HP: 10/10 MP: 6/6
   377 | D:1      | Reached XP level 2. HP: 15/15 MP: 1/8
   380 | D:1      | Learned a level 2 spell: Scorch
  1334 | D:2      | Reached XP level 3. HP: 19/19 MP: 0/10
  1512 | D:2      | Found a faded altar of an unknown god.
  2199 | D:3      | Found an ancient bone altar of Kikubaaqudgha.
  2937 | D:3      | Found a bloodstained altar of Trog.
  3071 | D:3      | Found Becufulu's Book Shop.
  3467 | D:4      | Reached XP level 4. HP: 24/24 MP: 7/12
  3809 | D:4      | Reached XP level 5. HP: 13/28 MP: 13/13
  3811 | D:4      | Found a staircase to the Ecumenical Temple.
  3818 | Temple   | Entered the Ecumenical Temple
  3824 | Temple   | Learned a level 4 spell: Flame Wave
  4030 | Temple   | Became a worshipper of Vehumet
  4173 | D:4      | You fall into a shaft and drop 2 floors!
  4173 | D:6      | Noticed a water moccasin
  4181 | D:6      | Killed a water moccasin
  4182 | D:6      | Reached skill level 5 in Spellcasting
  4183 | D:6      | Reached skill level 5 in Fire Magic
  4183 | D:6      | Reached XP level 6. HP: 14/32 MP: 9/15
  4332 | D:6      | Mangled by an ogre

Illustrated notes

Levels and vault maps discovered:
D:1:      doesnt_arrival_eight_statues, layout_basic,
          hangedman_abyss_or_decor_lesser_grid
D:2:      layout_loops_ring, shapermc_ecumenical_altar_venn
D:3:      layout_loops_corners, lightli_temple_of_fire,
          nicolae_overflow_crystal_walls, serial_shops, shop,
          minmay_misc_feat_five
D:4:      layout_rooms, minmay_temple_entry_grid, serial_rivers,
          chequers_serial_rivers_small_3, chequers_serial_rivers_micro_d,
          chequers_serial_rivers_room_a, chequers_serial_rivers_micro_b,
          chequers_serial_rivers_small_b
D:6:      layout_loops_ring, okawaru_trees_1, lightli_sewer_entry_pipes,
          corner_web_ring
Temple:   zaba_magenta_temple

Skill      XL: |  1  2  3  4  5 |
---------------+----------------+-----
Fire Magic     | 4 5 |  5.0
Stealth        | 3 |  3.9
Dodging        | 3 |  3.7
Spellcasting   | 4 5 |  5.2
Conjurations   | 2 |  2.5

Action                   |  1- 3 |  4- 6 || total
-------------------------+-------+-------++-------
Melee: Unarmed           |     1 |       ||     1
 Cast: Foxfire           |   163 |    24 ||   187
       Scorch            |     2 |     7 ||     9
  Use: Scroll            |       |     5 ||     5
Armor: Robe              |     3 |       ||     3
       Ring mail         |     1 |    10 ||    11
Dodge: Dodged            |    15 |     4 ||    19
